 Dungeon Sprint DCSS version 0.19-a0-1493-gd0fcaa6 (webtiles) character file.

7300000 Leszczynek the Sabretooth (level 22, -135/127 HPs)
             Began as a Felid Monk on Sept 9, 2016.
             Was the Champion of Makhleb.
             Annihilated by a destroyer
             ... wielding a +9 great sword of slicing
              (185 damage)
             ... in the Dungeon (Sprint VIII: "Arena of Blood").
             The game lasted 00:03:10 (73 turns).

Leszczynek the Sabretooth (Felid Monk)                Turns: 73, Time: 00:03:11

Health: -135/127   AC:  3    Str:  7    XL:     22   Next: 6%
Magic:  54/54      EV: 44    Int: 13    God:    Makhleb [******]
Gold:   0          SH:  0    Dex: 27    Spells: 0 memorised, 75 levels left
                                        Lives:  0   Deaths: 4

rFire  . . .     SeeInvis +       - Unarmed
rCold  + . .     Gourm    .     (armour unavailable)
rNeg   . . .     Faith    .     (shield unavailable)
rPois  .         Spirit   .     (helmet unavailable)
rElec  .         Dismiss  .     (cloak unavailable)
rCorr  .         Reflect  .     (gloves unavailable)
MR     +++..     Harm     .     (boots unavailable)
Stlth  ++++++++++ NoTele   +    (no amulet)
                                (no ring)
                                h - +27000 ring of slaying

@: quick
A: no armour, no weapons or thrown items, claws 1, fangs 3, see invisible,
carnivore 3, speed 1, shaggy fur 3, slow metabolism 1, sharp paws
a: Minor Destruction, Lesser Servant of Makhleb, Major Destruction, Greater
Servant of Makhleb, Renounce Religion


You were in the Dungeon.
You worshipped Makhleb.
Makhleb was exalted by your worship.
You were not hungry.

You visited 1 branch

Inventory:

Jewellery
 h - a +27000 ring of slaying (left paw)
Scrolls
 g - a scroll of blinking
Potions
 b - a potion of curing
 c - a potion of heal wounds
 d - a potion of haste
 e - 2 potions of magic
 f - a potion of berserk rage
Comestibles
 a - a meat ration


   Skills:
 O Level 27 Fighting
 O Level 27 Dodging
 O Level 27 Stealth
 O Level 27 Unarmed Combat
 O Level 27 Spellcasting
 O Level 27 Invocations


You had 75 spell levels left.
You didn't know any spells.

Dungeon Overview and Level Annotations

Branches:
Dungeon (1/1)

Altars:
Makhleb

Annotations:
D The Captor


Innate Abilities, Weirdness & Mutations

You cannot wear armour.
You are incapable of wielding weapons or throwing items.
You have sharp claws.
You have razor-sharp teeth.
You have supernaturally acute eyesight. (SInv)
You are carnivorous and can eat meat at any time.
You cover ground quickly.
Your thick and shaggy fur keeps you warm. (AC +3, rC+)
You have a slow metabolism.
Your sharp claws are effective at attacking unaware monsters.


Message History

You hear a shout!
The accursed points at you and mumbles some strange words.
Something smites you!
You hear a shout!
The destroyer blinks!
You hear a shout! x4
The large abomination misses you.
The corpses begin to drag themselves along the ground!
You hear a shout!
The destroyer blinks! 5 crawling corpses come into view.
You eviscerate the meat berserker!!!!!!!!!!!!
You kill the meat berserker!
Makhleb accepts your kill.
Welcome back to level 22!
You hear a shout! x2
The destroyer blinks!
The destroyer hits you with a +9 great sword of slicing!!!!!
Ouch! That really hurt!
You die...

###o....##.##. C
.....o...........
#..o...V...#.#..C
#....o...........
#o..oWooV......o
..#.oCz.....V.... ....
...Wo§o.o.......W ....
......x).x.§.....
..... .....#V@X2...#..
..... .... #..x%.o.#
.2....
...###VXx§o.o###......
...xoC###§@oo..%....
.o.L._§§V)O).oo.O. .


XMz#XxXox#o).Vo..#. ....X#X.X.§#oV§Xo.... ...Xo#L.).L#...§O.#.#
#.......)_)..Vxoooo... You could see an accursed, 2 tentacled monstrosities, a
meat beast, 2 tyrants, 7 destroyers, 2 sculptors of flesh, 2 large bags of meat,
5 large abominations, 2 dreads, The Captor, a meat berserker (berserk), 20 bags
of meat and 6 crawling corpses.

Vanquished Creatures
  8 vampire knights (D)
  14 ogres (D)
  15 orcs (D)
  A hill giant (D)
  2 skeletal warriors (D)
40 creatures vanquished.

Vanquished Creatures (others)
  A crawling corpse (D)
1 creature vanquished.

Grand Total: 41 creatures vanquished

Notes
Turn   | Place    | Note
-------+----------+-------------------------------------------
     0 | D        | Leszczynek the Felid Monk began the quest for the Orb.
     0 | D        | Reached XP level 1. HP: 10/10 MP: 2/2
     4 | D        | Became a worshipper of Makhleb the Destroyer
     4 | D        | Reached * piety under Makhleb
     4 | D        | Reached ** piety under Makhleb
     9 | D        | Noticed a bag of meat
    11 | D        | Noticed a meat berserker
    11 | D        | Killed a bag of meat
    11 | D        | Reached skill level 19 in Fighting
    11 | D        | Reached skill level 19 in Unarmed Combat
    11 | D        | Reached XP level 2. HP: 30/30 MP: 3/3
    11 | D        | Reached XP level 3. HP: 34/34 MP: 4/4
    11 | D        | Reached XP level 4. HP: 39/39 MP: 5/5
    11 | D        | Reached XP level 5. HP: 43/43 MP: 6/6
    11 | D        | Gained mutation: You are covered in thick fur. (AC +2) [Felid growth]
    11 | D        | Reached XP level 6. HP: 47/47 MP: 7/7
    11 | D        | Reached XP level 7. HP: 51/51 MP: 8/8
    11 | D        | Reached XP level 8. HP: 55/55 MP: 9/9
    11 | D        | Reached XP level 9. HP: 59/59 MP: 10/10
    11 | D        | Reached XP level 10. HP: 64/64 MP: 11/11
    11 | D        | Reached XP level 11. HP: 67/67 MP: 12/12
    12 | D        | Killed a meat berserker
    12 | D        | Reached skill level 24 in Fighting
    12 | D        | Reached skill level 24 in Unarmed Combat
    12 | D        | Gained mutation: Your thick and shaggy fur keeps you warm. (AC +3, rC+) [Felid growth]
    12 | D        | Reached XP level 12. HP: 78/78 MP: 13/13
    12 | D        | Reached XP level 13. HP: 82/82 MP: 14/14
    13 | D        | Noticed a bag of meat
    13 | D        | Killed a bag of meat
    13 | D        | Reached skill level 25 in Fighting
    13 | D        | Reached skill level 25 in Unarmed Combat
    13 | D        | Reached XP level 14. HP: 88/88 MP: 15/15
    14 | D        | Noticed a bag of meat
    15 | D        | Noticed a bag of meat
    16 | D        | Noticed a bag of meat
    17 | D        | Noticed a large bag of meat
    17 | D        | Noticed a meat berserker
    18 | D        | Killed a meat berserker
    18 | D        | Reached *** piety under Makhleb
    18 | D        | Reached skill level 21 in Dodging
    18 | D        | Reached skill level 27 in Unarmed Combat
    18 | D        | Reached XP level 15. HP: 93/93 MP: 16/16
    22 | D        | Reached skill level 25 in Dodging
    24 | D        | Reached skill level 27 in Fighting
    24 | D        | Reached skill level 27 in Dodging
    24 | D        | Reached skill level 8 in Stealth
    25 | D        | Reached **** piety under Makhleb
    25 | D        | Reached skill level 20 in Stealth
    25 | D        | Reached XP level 16. HP: 100/100 MP: 17/17
    27 | D        | Noticed a destroyer
    27 | D        | Noticed a meat berserker
    27 | D        | Reached skill level 26 in Stealth
    28 | D        | Killed a destroyer
    28 | D        | Reached skill level 27 in Stealth
    28 | D        | Reached skill level 21 in Invocations
    28 | D        | Reached XP level 17. HP: 104/104 MP: 17/32
    30 | D        | Noticed a destroyer
    30 | D        | Reached ***** piety under Makhleb
    30 | D        | Reached skill level 9 in Spellcasting
    30 | D        | Reached skill level 22 in Invocations
    31 | D        | Reached skill level 13 in Spellcasting
    31 | D        | Reached skill level 24 in Invocations
    33 | D        | Killed a meat berserker
    33 | D        | Reached skill level 18 in Spellcasting
    33 | D        | Reached skill level 26 in Invocations
    33 | D        | Reached XP level 18. HP: 109/109 MP: 17/41
    33 | D        | Annihilated by a destroyer
    34 | D        | Reached XP level 17. HP: -122/104 MP: 17/40
    38 | D        | Noticed a meat berserker
    38 | D        | Noticed a destroyer
    38 | D        | Noticed a destroyer
    38 | D        | Killed a destroyer
    38 | D        | Reached skill level 25 in Spellcasting
    38 | D        | Reached skill level 27 in Invocations
    39 | D        | Reached skill level 27 in Spellcasting
    39 | D        | Reached XP level 18. HP: 109/109 MP: 41/50
    42 | D        | Noticed a meat berserker
    43 | D        | Noticed a meat berserker
    43 | D        | Noticed a meat berserker
    43 | D        | Killed a meat berserker
    44 | D        | Killed a destroyer
    44 | D        | Reached XP level 19. HP: 113/113 MP: 42/51
    45 | D        | Noticed a destroyer
    45 | D        | Killed a destroyer
    45 | D        | Reached ****** piety under Makhleb
    46 | D        | Reached XP level 20. HP: 118/118 MP: 42/52
    48 | D        | Noticed a destroyer
    49 | D        | Killed a meat berserker
    50 | D        | Killed a destroyer
    50 | D        | Reached XP level 21. HP: 112/122 MP: 43/53
    51 | D        | Noticed a destroyer
    53 | D        | Noticed a destroyer
    53 | D        | Killed a destroyer
    54 | D        | Noticed a destroyer
    54 | D        | Noticed a destroyer
    54 | D        | Reached XP level 22. HP: 127/127 MP: 43/54
    57 | D        | Noticed a tyrant
    58 | D        | Noticed a destroyer
    58 | D        | Killed a destroyer
    58 | D        | Annihilated by a destroyer
    59 | D        | Reached XP level 21. HP: -64/122 MP: 44/53
    59 | D        | Noticed a destroyer
    59 | D        | Noticed a destroyer
    59 | D        | Killed a destroyer
    59 | D        | Reached XP level 22. HP: 127/127 MP: 54/54
    62 | D        | Noticed The Captor
    63 | D        | Noticed a meat beast
    63 | D        | Noticed a tyrant
    63 | D        | Reached XP level 23. HP: 131/131 MP: 55/55
    63 | D        | Noticed a destroyer
    64 | D        | Noticed a destroyer
    64 | D        | Annihilated by a destroyer
    65 | D        | Reached XP level 22. HP: -86/127 MP: 54/54
    65 | D        | Noticed a destroyer
    65 | D        | Noticed a dread
    66 | D        | Noticed a dread
    66 | D        | Noticed an accursed
    67 | D        | Noticed a tyrant
    71 | D        | Demolished by a destroyer
    72 | D        | Reached XP level 21. HP: -15/122 MP: 53/53
    72 | D        | Noticed a dread
    73 | D        | Reached XP level 22. HP: 50/127 MP: 54/54
    73 | D        | Annihilated by a destroyer

Vault maps used:
D:        meatsprint

Skill      XL: |  1  2  3  4  5  6  7  8  9 10 11 12 13 14 15 16 17 |
---------------+----------------------------------------------------+-----
Fighting       | 19 24 25 27 | 27.0
Unarmed Combat | 19 24 25 27 | 27.0
Dodging        | 21 27 | 27.0
Stealth        | 20 27 | 27.0
Invocations    | 21 27 | 27.0
Spellcasting   | 27 | 27.0

Action                   |  1- 3 |  4- 6 |  7- 9 | 10-12 | 13-15 | 16-18 | 19-21 | 22-24 || total
-------------------------+-------+-------+-------+-------+-------+-------+-------+-------++-------
Melee: Unarmed           |     1 |       |       |     1 |     5 |    10 |    12 |    11 ||    40
Armor: Skin              |       |       |       |       |       |       |       |     1 ||     1
Dodge: Dodged            |       |       |       |       |     1 |     2 |     2 |     5 ||    10
